 Dungeon Crawl Stone Soup version 0.25.1-2-g60ff931df9 (console) character file.

Game seed: 7455344603758159238

760 DayCrawler the Cudgeler (level 7, -10/68 HPs)
             Began as a Troll Berserker on Oct 29, 2020.
             Was an Elder of Trog.
             Mangled by a troll (16 damage)
             ... on level 6 of the Dungeon.
             The game lasted 00:28:23 (4950 turns).

DayCrawler the Cudgeler (Troll Berserker)           Turns: 4950, Time: 00:28:23

Health: -10/68     AC:  6    Str: 28    XL:     7   Next: 50%
Magic:  6/6        EV: 11    Int:  3    God:    Trog [****..]
Gold:   367        SH:  0    Dex:  9    Spells: 6/6 levels left

rFire    + . .     SeeInvis .   a - +1 mace
rCold    x . .     Gourm    +   (no shield)
rNeg     + . .     Faith    .   b - +0 animal skin
rPois    .         Spirit   .   (helmet restricted)
rElec    .         Reflect  .   (no cloak)
rCorr    .         Harm     .   (gloves unavailable)
MR       .....                  (boots unavailable)
Stlth    +.........             r - amulet of the acrobat
HPRegen  0.61/turn              q - ring of positive energy
MPRegen  0.10/turn              w - ring of fire

@: no status effects
A: large, unfitting armour, claws 3, fast metabolism 3, gourmand, regeneration
1, shaggy fur 1, tough skin 3
a: Berserk, Trog's Hand, Brothers in Arms, Renounce Religion


You were on level 6 of the Dungeon.
You worshipped Trog.
Trog was greatly pleased with you.
You were not hungry.

You visited 1 branch of the dungeon, and saw 6 of its levels.

You collected 367 gold pieces.

Inventory:

Hand Weapons
 a - a +1 mace (weapon)
Armour
 b - a +0 animal skin (worn)
Jewellery
 q - a ring of positive energy (left claw)
 r - an amulet of the acrobat (around neck)
 w - a ring of fire (right claw)
Wands
 l - a wand of polymorph (11)
 y - a wand of paralysis (7)
Scrolls
 f - 5 scrolls of remove curse
 m - 4 scrolls of identify
 n - a scroll of amnesia
 p - 2 scrolls of blinking {unknown}
 s - 2 scrolls of fog {unknown}
 t - 3 scrolls of teleportation
 v - 3 scrolls of fear {unknown}
Potions
 d - 2 potions of invisibility {unknown}
 e - 2 potions of heal wounds {unknown}
 g - 4 potions of stabbing
 h - 2 potions of lignification {unknown}
 i - a potion of magic {unknown}
 j - a potion of degeneration {unknown}
 k - a potion of ambrosia {unknown}
 u - a potion of flight {unknown}
 x - a potion of cancellation {unknown}
Comestibles
 c - 5 rations


   Skills:
 + Level 3.9 Fighting
 + Level 5.9 Maces & Flails
 + Level 4.5 Dodging
 + Level 0.5 Stealth


You had 6 spell levels left.
You didn't know any spells.
Your spell library was empty.

Dungeon Overview and Level Annotations

Branches:
Dungeon (6/15)             Temple (0/1) D:6

Altars:
Cheibriados
Qazlal
Xom

Shops:
D:6 =


Innate Abilities, Weirdness & Mutations

You are too large for most types of armour.
You have claws for hands.
Your metabolism is lightning-fast.
You like to eat raw meat.
Your natural rate of healing is unusually fast.
You are covered in fur. (AC +1)
You have extremely tough skin. (AC +3)


Message History

You hit the troll.
The troll is moderately wounded.
The troll barely misses you. The troll claws you! The troll claws you.
You hit the troll.
The troll is heavily wounded.
The troll bites you! The troll claws you but does no damage.
The troll claws you.
You barely miss the troll.
The troll is moderately wounded.
The troll bites you. The troll claws you!
* * * LOW HITPOINT WARNING * * *
The troll barely misses you.
You feel better. The troll bites you!
* * * LOW HITPOINT WARNING * * *
The troll claws you!
* * * LOW HITPOINT WARNING * * *
The troll barely misses you.
You closely miss the troll.
The troll is moderately wounded.
The troll bites you!
You die...

§≈.###.......................##
≈≈≈.....##...................##
≈§≈......#....................#
≈≈§......#..##................#
≈≈....##....#.....<..........## #
§....#####...##..#.....##...## ##
..#...##########.#.....##...# #.
..##...#.......####.........## #.
..####.#.8.8.8.#..#..........###.
...###.#.......#...........#.#...
#...##.#<.....oT@#.........#.....
#......#.......###...............
##.....#.8.8.8.#..............#..
#.....#.......#.............##..
##.....#########..###............
#..........................#.....
#..###....................##..##.
...###.........)..##.....###.###.
...#...........>..#..........# ##
#..#....#......<...(.......#.###.
##......#..###.............#.##..


You could see a troll and an orc.

Vanquished Creatures
  An ice beast (D:5)
  A sky beast (D:6)
  An ogre (D:3)
  A scorpion (D:5)
  2 crimson imps
  2 hounds (D:4)
  2 bullfrog skeletons
  3 worker ants
  4 adders
  3 oozes
  An adder skeleton (D:4)
  2 worms (D:2)
  3 dart slugs
  7 leopard geckos
  16 orcs
  2 giant cockroaches
  13 goblins
  9 hobgoblins
  7 jackals
  3 quokkas
  3 ball pythons
  8 bats
  2 frilled lizards
  A jackal skeleton (D:4)
  9 kobolds
  17 rats
  A plant (D:4)
124 creatures vanquished.

Notes
Turn   | Place    | Note
-------+----------+-------------------------------------------
     0 | D:1      | DayCrawler the Troll Berserker began the quest for the Orb.
     0 | D:1      | Reached XP level 1. HP: 22/22 MP: 0/0
   110 | D:1      | Reached XP level 2. HP: 16/29 MP: 1/1
   114 | D:1      | Reached skill level 3 in Maces & Flails
   317 | D:1      | Reached XP level 3. HP: 29/36 MP: 2/2
   332 | D:1      | Reached ** piety under Trog
  1605 | D:2      | Reached XP level 4. HP: 41/44 MP: 3/3
  1861 | D:3      | Found a stormy altar of Qazlal.
  1980 | D:3      | Reached skill level 4 in Maces & Flails
  2028 | D:3      | Reached *** piety under Trog
  2035 | D:3      | Reached XP level 5. HP: 52/53 MP: 4/4
  2588 | D:3      | Noticed an ogre
  2601 | D:3      | Killed an ogre
  2800 | D:4      | Reached XP level 6. HP: 50/61 MP: 5/5
  3424 | D:5      | Entered Level 5 of the Dungeon
  3431 | D:5      | Reached skill level 5 in Maces & Flails
  3837 | D:5      | Found a shimmering altar of Xom.
  3837 | D:5      | Found a snail-covered altar of Cheibriados.
  4137 | D:5      | Lost intelligence.
  4229 | D:5      | Reached XP level 7. HP: 9/68 MP: 6/6
  4581 | D:6      | Reached **** piety under Trog
  4737 | D:6      | Found a staircase to the Ecumenical Temple.
  4740 | D:6      | Found Serob's Jewellery Boutique.
  4940 | D:6      | Noticed a troll
  4950 | D:6      | Mangled by a troll

Illustrated notes

Levels and vault maps discovered:
D:1:      onia_arrival_handbag, layout_basic, serial_bayou_lagoon_a,
          minmay_misc_feat_hallway
D:2:      layout_rooms, serial_curves, eino_curves_04, eino_curves_04,
          eino_curves_02, eino_curves_04, kennysheep_generic_room_15
D:3:      layout_loops_ring, lemuel_doored_altar, first_ration,
          minmay_increasing_density
D:4:      layout_gridville, serial_forest, infiniplex_forest_end_2,
          infiniplex_forest_lined_room_2, infiniplex_forest_clump_small,
          infiniplex_forest_straight_2, infiniplex_forest_split,
          infiniplex_forest_lined_2, infiniplex_forest_clump_large
D:5:      layout_gridville, chequers_temple_overflow_statue_of_worship
D:6:      cheibrodos_iron_armory, layout_cave_pools, minmay_temple_entry_mist,
          serial_shops, kennysheep_little_box, grunt_ministairs_3

Skill      XL: |  1  2  3  4  5  6 |
---------------+-------------------+-----
Maces & Flails | 3 4 5 |  5.9
Dodging        | 3 4 |  4.5
Fighting       | 3 |  3.9
Stealth        | |  0.5

Action                   |  1- 3 |  4- 6 |  7- 9 || total
-------------------------+-------+-------+-------++-------
Melee: Mace              |   166 |   278 |    45 ||   489
  Use: Scroll            |     5 |     3 |       ||     8
       Potion            |       |     2 |     2 ||     4
  Eat: Chunk             |    21 |    22 |       ||    43
       Ration            |       |       |     1 ||     1
Armor: Animal skin       |    80 |    96 |    19 ||   195
Dodge: Dodged            |   121 |   166 |    21 ||   308
